 Dungeon Crawl Stone Soup version 0.18.1-48-g4cf74bf (webtiles) character file.

110 Alarkh the Grave Robber (level 4, -1/30 HPs)
             Began as a Mummy Necromancer on Aug 5, 2016.
             Slain by dearth's ghost (18 damage)
             ... on level 3 of the Dungeon.
             The game lasted 00:03:58 (2337 turns).

Alarkh the Grave Robber (Mummy Necromancer)         Turns: 2337, Time: 00:03:58

Health: -1/30      AC:  5    Str: 11    XL:     4   Next: 61%
Magic:  6/8        EV: 12    Int: 15    God:
Gold:   184        SH:  0    Dex: 12    Spells: 3 memorised, 1 level left

rFire  x . .     SeeInvis .     e - +0 mace
rCold  + . .     Gourm    .     a - +0 robe
rNeg   + + +     Faith    .     (no shield)
rPois  ∞         Spirit   .     j - +2 helmet
rElec  .         Dismiss  .     (no cloak)
rCorr  .         Reflect  .     (no gloves)
SustAt .         Harm     .     (no boots)
MR     .....                    (no amulet)
Stlth  ++........               m - ring of wizardry
                                d - ring of flight

@: not resistant to hostile enchantments, unstealthy
A: no food or potions, fire vulnerability, cold resistance 1, negative energy
resistance 3, torment resistance, unbreathing
a: Evoke Flight


You were on level 3 of the Dungeon.
You were not hungry.

You visited 1 branch of the dungeon, and saw 3 of its levels.

You collected 184 gold pieces.

Inventory:

Hand Weapons
 e - a +0 mace (weapon)
Armour
 a - a +0 robe (worn)
 j - a +2 helmet (worn)
Jewellery
 d - a ring of flight (left hand)
 h - an uncursed amulet of dismissal
 m - a ring of wizardry (right hand)
Scrolls
 c - a scroll of teleportation
 f - a scroll of enchant armour
 g - a scroll of fog
 i - 2 scrolls of recharging {unknown}
 k - a scroll of noise {unknown}
Books
 b - a book of Necromancy

   Spells                             Type                      Level
   a - Pain                           Necromancy                   1
   b - Animate Skeleton               Necromancy                   1
   c - Vampiric Draining              Necromancy                   3
   d - Regeneration                   Charms/Necromancy            3
   e - Animate Dead                   Necromancy                   4
   f - Control Undead                 Necromancy                   4


   Skills:
 - Level 1.5 Dodging
 - Level 1.5 Stealth
 + Level 3.3 Spellcasting
 + Level 5.2 Necromancy


You had one spell level left.
You knew the following spells:

 Your Spells              Type           Power        Failure   Level  Hunger
a - Pain                  Necr           ###.         1%          1    N/A
b - Vampiric Draining     Necr           ###.......   4%          3    N/A
c - Control Undead        Necr           ###.......   10%         4    N/A

Dungeon Overview and Level Annotations

Branches:
Dungeon (3/15)

Altars:
Dithmenos

Annotations:
D:3 dearth's ghost, amateur HOFi


Innate Abilities, Weirdness & Mutations

You do not eat or drink.
Your flesh is vulnerable to fire.
You are immune to poison.
Your flesh is cold resistant.
You are immune to negative energy.
You are immune to unholy pain and torment.
You can survive without breathing.


Message History

A goblin comes into view. It is wielding a dagger.
The goblin hits dearth's ghost with a dagger.
Dearth's ghost hits the goblin!
The goblin dies!
You swap places.
Found 17 gold pieces.
There is an open door here.
Found a short sword.
You see here 19 stones.
Dearth's ghost is no longer charmed.
You see here 17 gold pieces.
You hit dearth's ghost but do no damage.
Dearth's ghost is lightly damaged.
Dearth's ghost whispers, "They're coming for you..."
Dearth's ghost hits you!
You hit dearth's ghost.
Dearth's ghost is lightly damaged.
Dearth's ghost hits you. Dearth's ghost hits you!!
Ouch! That really hurt!
You die...

#......)..# #..........# ####
#.........# #...)......# #...
#.........####..........####.##
#..>.........)..........'..#.#.
###'##########..).......##.#.#8
#.# #..........##.#.## #.#
#..........##.#... #.#
##################.#.## #####.#
#.....@....# #.#.#. ......#
#.....W....# #.#.#. #######
#..........# #.#.#' #
#..........# #.#... #
#..........# #.#.#' #
#..........# #.#.#.
###########)..§§§....# #.#.#.
......##..'..(.§.....# #.#.##
#####.##.##.....%....# #)#...


You could see dearth's ghost.

Vanquished Creatures
  3 adders (D:2)
  2 worms (D:2)
  3 dart slugs
  2 giant geckos
  An orc (D:3)
  4 giant cockroaches
  4 goblins
  8 hobgoblins
  11 jackals
  9 bats
  A giant newt (D:3)
  7 kobolds
  9 rats
64 creatures vanquished.

Vanquished Creatures (collateral kills)
  A goblin (D:3)
1 creature vanquished.

Grand Total: 65 creatures vanquished

Notes
Turn   | Place    | Note
--------------------------------------------------------------
     0 | D:1      | Alarkh the Mummy Necromancer began the quest for the Orb.
     0 | D:1      | Reached XP level 1. HP: 13/13 MP: 3/3
   467 | D:1      | Reached XP level 2. HP: 15/19 MP: 0/5
   869 | D:2      | Reached XP level 3. HP: 14/24 MP: 2/7
   931 | D:2      | Learned a level 3 spell: Vampiric Draining
  1332 | D:2      | Reached XP level 4. HP: 21/30 MP: 4/8
  1336 | D:2      | Reached skill level 5 in Necromancy
  1717 | D:3      | Noticed dearth's ghost (amateur HOFi)
  1726 | D:3      | Learned a level 4 spell: Control Undead
  2320 | D:3      | Found a shadowy altar of Dithmenos.
  2337 | D:3      | Slain by dearth's ghost

Skill      XL: |  1  2  3  4 |
---------------+-------------+-----
Spellcasting   | 3 |  3.3
Necromancy     | 5 |  5.2
Dodging        | |  1.5
Stealth        | |  1.5

Action                   |  1- 3 |  4- 6 || total
-------------------------+-------+-------++-------
Melee: Unarmed           |     7 |       ||     7
       Mace              |    54 |    37 ||    91
 Cast: Pain              |    65 |    38 ||   103
       Vampiric Draining |     1 |       ||     1
       Control Undead    |       |     1 ||     1
  Use: Scroll            |     2 |     1 ||     3
 Stab: Sleeping          |       |     2 ||     2
Armor: Robe              |    21 |    13 ||    34
Dodge: Dodged            |    61 |    41 ||   102
